 Dungeon Crawl Stone Soup version 0.31-a0-222-gefeffbb62a (webtiles) character file.

Game seed: 1074109395532833522

112 qw the Shooter (level 4, -3/36 HPs)
             Began as a Minotaur Hexslinger on July 4, 2023.
             Slain by an orc
             ... wielding a +2 mace of pain
              (5 damage)
             ... on level 3 of the Dungeon.
             The game lasted 00:00:43 (1804 turns).

qw the Shooter (Minotaur Hexslinger)                Turns: 1804, Time: 00:00:44

Health: -3/36      AC:  9    Str: 12    XL:     4   Next: 63%
Magic:  4/4        EV: 11    Int: 10    God:
Gold:   150        SH:  0    Dex: 15    Spells: 4/5 levels left

rFire   . . .        Y - +4 sling
rCold   . . .        (no shield)
rNeg    . . .        n - +0 ring mail
rPois   .            (helmet restricted)
rElec   .            i - +0 cloak
rCorr   .            j - +2 pair of gloves
SInv    .            (no boots)
Will    +....        (no amulet)
Stlth   +            g - ring of willpower
HPRegen 0.26/turn    (no ring)
MPRegen 0.09/turn

%: no passive effects
@: no status effects
A: horns 2, retaliatory headbutt
a: no special abilities


You were on level 3 of the Dungeon.
You visited 1 branch of the dungeon, and saw 3 of its levels.

You collected 150 gold pieces.


Innate Abilities, Weirdness & Mutations

You have a pair of horns on your head.
You reflexively headbutt those who attack you in melee.


   Skills:
 - Level 2.2 Fighting
 + Level 4.9 Ranged Weapons
 - Level 1.0 Armour
 - Level 2.1 Dodging
 - Level 1.0 Spellcasting
 - Level 2.0 Hexes


You had 4 spell levels left.
You knew the following spells:

 Your Spells              Type           Power      Damage    Failure   Level
a - Slow                  Hex            16%        N/A       34%         1

Your spell library contained the following spells:

 Spells                   Type           Power      Damage    Failure   Level
 Inner Flame              Hex/Fire       2%         N/A       83%         3
 Portal Projectile        Hex/Tloc       4%         N/A       83%         3
 Cause Fear               Hex            2%         N/A       98%         4

Inventory:

Hand Weapons
 Y - a +4 sling (weapon)
Armour
 i - a +0 cloak (worn)
 j - a +2 pair of gloves (worn)
 n - a +0 ring mail (worn)
Jewellery
 g - a ring of willpower (left hand)
Scrolls
 a - a scroll of teleportation {unknown}
Potions
 d - a potion of degeneration {unknown}
 e - a potion of ambrosia {unknown}
 k - a potion of curing {unknown}
 m - a potion of heal wounds {unknown}

Dungeon Overview and Level Annotations

Branches:
Dungeon (3/15)

Altars:

Shops:
D:2 =


Message History

The orc is almost dead.
The orc misses you.
The orc priest calls upon Beogh to heal the orc.
The orc is healed somewhat.
You shoot a sling bullet. The sling bullet hits the orc.
The orc is severely wounded.
The orc completely misses you. You furiously retaliate!
You headbutt the orc!
You kill the orc!
You shoot a sling bullet.
The sling bullet hits the orc priest but does no damage.
You shoot a sling bullet. The sling bullet hits the orc priest.
The orc priest is moderately wounded.
You shoot a sling bullet.
The sling bullet closely misses the orc priest.
The orc priest hits you with a +0 mace.
The orc priest looks satisfied for a moment.
The orc hits you with a +2 mace of pain.
You writhe in agony.
You shoot a sling bullet.
The sling bullet hits the orc priest but does no damage.
The orc priest is moderately wounded.
The orc hits you but does no damage. The orc priest closely misses you.
You shoot a sling bullet.
The sling bullet closely misses the orc priest.
The orc closely misses you. The orc priest hits you with a +0 mace.
You shoot a sling bullet. The sling bullet hits the orc priest!
The orc priest is almost dead.
The orc misses you.
The orc priest mumbles some strange prayers to Beogh against you.
Pain shoots through your body!
The orc hits you with a +2 mace of pain!
The orc priest hits you but does no damage.
You shoot a sling bullet.
The sling bullet closely misses the orc priest.
The orc barely misses you.
The orc priest hits you but does no damage.
You shoot a sling bullet. The sling bullet hits the orc priest.
You kill the orc priest!
The orc hits you with a +2 mace of pain.
You die...

#. .. #. #. #. #.
#o#########
#)@.......#
#################.#
#.................#
#.#################
#.# #(# #######.#
#.......# #.#######


You could see an orc.

Vanquished Creatures
  An orc priest (D:3)
  Jessica (D:3)
  4 adders
  2 dart slugs (D:1)
  3 orcs
  3 endoplasms (D:1)
  3 giant cockroaches
  4 goblins
  5 hobgoblins
  2 kobolds (D:2)
  3 quokkas
  4 ball pythons
  A bat (D:2)
  4 frilled lizards
  5 rats
45 creatures vanquished.

Notes
Turn   | Place    | Note
-------+----------+-------------------------------------------
     0 | D:1      | qw the Minotaur Hexslinger began the quest for the Orb.
     0 | D:1      | Reached XP level 1. HP: 16/16 MP: 1/1
     0 | D:1      | 0 ||| qw: Version: 0.3-a-46-gb1f654a
     0 | D:1      | 0 ||| qw: Game counter: 860
     0 | D:1      | 0 ||| qw: Melee chars always use a shield: true
     0 | D:1      | 0 ||| qw: God list: Okawaru
     0 | D:1      | 0 ||| qw: Allow faded altars: false
     0 | D:1      | 0 ||| qw: Do Orc after clearing Dungeon:15 true
     0 | D:1      | 0 ||| qw: Do second Lair branch before Depths: true
     0 | D:1      | 0 ||| qw: Lair rune preference: random
     0 | D:1      | 0 ||| qw: Goals: Normal
     0 | D:1      | 0 ||| PLANNING D:1-11
   175 | D:1      | 175 ||| FLEEEEING.
   177 | D:1      | 177 ||| FLEEEEING.
   179 | D:1      | 179 ||| FLEEEEING.
   186 | D:1      | Reached skill level 3 in Ranged Weapons
   203 | D:1      | Reached XP level 2. HP: 23/23 MP: 2/2
   686 | D:1      | 686 ||| UPGRADING to ring of willpower.
   687 | D:1      | 687 ||| READING scroll labelled CEQAFO LATWA.
   688 | D:1      | 688 ||| READING 2 scrolls labelled EQEPSUEXOE.
   689 | D:1      | 689 ||| READING scroll labelled ARCHOWE KOPIFIO.
   690 | D:1      | 690 ||| DROPPING scroll of poison.
   707 | D:2      | 707 ||| STAIRDANCE
   783 | D:2      | Reached XP level 3. HP: 29/29 MP: 3/3
   945 | D:2      | Found Ymathroa's Jewellery Boutique.
   951 | D:2      | 951 ||| SHOPLISTING +5 ring of evasion (504 gold, have
                  | 111).
   951 | D:2      | 951 ||| SHOPLISTING amulet of faith (560 gold, have 111).
   951 | D:2      | 951 ||| SHOPLISTING ring "Tireir" {rElec rPois rC++ rCorr
                  | Dex-4 Slay+3} (838 gold, have 111).
   951 | D:2      | 951 ||| SHOPLISTING ring of positive energy (280 gold, have
                  | 111).
   951 | D:2      | 951 ||| SHOPLISTING ring of protection from cold (350 gold,
                  | have 111).
  1051 | D:2      | Reached skill level 4 in Ranged Weapons
  1262 | D:2      | Reached XP level 4. HP: 36/36 MP: 4/4
  1548 | D:2      | 1548 ||| UPGRADING to +0 cloak.
  1553 | D:2      | 1553 ||| UPGRADING to +0 pair of gloves.
  1558 | D:2      | 1558 ||| UPGRADING to +0 ring mail.
  1568 | D:2      | 1568 ||| DROPPING +0 robe.
  1569 | D:2      | 1569 ||| READING 2 scrolls of enchant armour.
  1569 | D:2      | 1569 ||| ENCHANTING +0 pair of gloves.
  1570 | D:2      | 1570 ||| READING scroll of enchant armour.
  1570 | D:2      | 1570 ||| ENCHANTING +1 pair of gloves.
  1571 | D:2      | 1571 ||| READING 2 scrolls labelled ULE IHAEROAL.
  1572 | D:2      | 1572 ||| READING 3 scrolls labelled UMACZUUBUSK.
  1573 | D:2      | 1573 ||| READING 2 scrolls of enchant weapon.
  1573 | D:2      | 1573 ||| ENCHANTING +2 sling.
  1574 | D:2      | 1574 ||| READING scroll of enchant weapon.
  1574 | D:2      | 1574 ||| ENCHANTING +3 sling.
  1575 | D:2      | 1575 ||| READING scroll labelled UFULEY ZEMUJO.
  1576 | D:2      | 1576 ||| READING scroll labelled FAROH SU NUSAT.
  1577 | D:2      | 1577 ||| DROPPING scroll of blinking.
  1654 | D:3      | Reached skill level 1 in Armour
  1720 | D:3      | Noticed Jessica
  1725 | D:3      | Killed Jessica
  1802 | D:3      | HP: 8/36 [orc priest/nerve-wracking pain (13)]
  1802 | D:3      | HP: 1/36 [orc/+2 mace of pain (7)]
  1804 | D:3      | Slain by an orc

Levels and vault maps discovered:
D:1:      dpeg_arrival_water_temple_mockup, layout_basic
D:2:      minmay_skewed_foursquare, layout_loops_ring, serial_shops,
          nicolae_shop_gaudy_bauble, minmay_fractal_squares_gapless_5
D:3:      layout_basic, shapermc_ecumenical_altar_flowoftime, uniq_jessica

Skill      XL: |  1  2  3  4 |
---------------+-------------+-----
Ranged Weapons | 3 4 |  4.9
Fighting       | 2 |  2.2
Armour         | 1 |  1.0
Dodging        | |  2.1
Spellcasting   | |  1.0
Hexes          | |  2.0

Action                     |  1- 3 |  4- 6 || total
---------------------------+-------+-------++-------
   Fire: Sling             |   133 |    33 ||   166
    Use: Scroll            |     3 |     8 ||    11
 Armour: Robe              |     6 |       ||     6
         Ring mail         |       |    10 ||    10
  Dodge: Dodged            |    28 |    12 ||    40

Table legend:
 A = Non-vault XP
 B = Vault XP
 C = Vault XP percentage of total XP
 D = Non-vault monster count
 E = Vault monster count
 F = Vault count percentage of total count
                 A         B        C        D         E       F
            +---------+---------+-------+---------+---------+-------
      Total |     139 |      62 |  30.8 |      36 |       9 |  20.0
            +---------+---------+-------+---------+---------+-------
        D:1 |      36 |       0 |   0.0 |      19 |       0 |   0.0
        D:2 |      41 |      25 |  37.9 |      12 |       8 |  40.0
        D:3 |      62 |      37 |  37.4 |       5 |       1 |  16.7
            +---------+---------+-------+---------+---------+-------
